 Dungeon Crawl Stone Soup version 0.29.1-4-g47bece8355 (webtiles) character file.

Game seed: 14292662706420523073

1205 GigaChad the Cleaver (level 8, -4/67 HPs)
             Began as a Minotaur Fighter on Dec 8, 2022.
             Was a Priest of Qazlal.
             Succumbed to a hornet's poison
             ... on level 5 of the Dungeon.
             The game lasted 00:06:26 (4406 turns).

GigaChad the Cleaver (Minotaur Fighter)             Turns: 4406, Time: 00:06:26

Health: -4/67      AC: 13    Str: 24    XL:     8   Next: 21%
Magic:  7/7        EV:  7    Int:  5    God:    Qazlal [***...]
Gold:   237        SH:  8    Dex:  9    Spells: 7/7 levels left

rFire   . . .      SeeInvis .   a - +0 war axe
rCold   . . .      Faith    .   c - +0 buckler
rNeg    . . .      Spirit   .   j - +0 plate armour
rPois   .          Reflect  .   (helmet restricted)
rElec   .          Harm     .   (no cloak)
rCorr   .          Rampage  .   (no gloves)
Will    .....                   (no boots)
Stlth   ..........              o - amulet of regeneration
HPRegen 1.01/turn               (no ring)
MPRegen 0.10/turn               (no ring)

@: lethally poisoned (-4 -> -30), slowed, very slow
A: horns 2, retaliatory headbutt
a: Renounce Religion, Upheaval, Elemental Force


You were on level 5 of the Dungeon.
You worshipped Qazlal.
Qazlal was most pleased with you.
You visited 2 branches of the dungeon, and saw 6 of its levels.

You collected 237 gold pieces.

Inventory:

Hand Weapons
 a - a +0 war axe (weapon)
Missiles
 f - 4 javelins
Armour
 b - a +0 scale mail
 c - a +0 buckler (worn)
 j - a +0 plate armour (worn)
Jewellery
 o - an amulet of regeneration (around neck)
Wands
 i - a wand of iceblast (9) (quivered)
 m - a wand of digging (3)
Scrolls
 g - 2 scrolls of fear {unknown}
 h - 4 scrolls of identify {unknown}
 n - a scroll of immolation {unknown}
 p - 2 scrolls of magic mapping {unknown}
 r - a scroll of enchant weapon {unknown}
 s - a scroll of amnesia {unknown}
 u - a scroll of blinking {unknown}
 x - a scroll of enchant armour {unknown}
Potions
 d - 2 potions of might
 e - 6 potions of curing {unknown}
 k - 2 potions of heal wounds {unknown}
 l - a potion of ambrosia {unknown}
 q - a potion of attraction {unknown}
 t - 3 potions of brilliance {unknown}
 v - a potion of cancellation {unknown}
 w - a potion of degeneration {unknown}


   Skills:
 + Level 4.9 Fighting
 + Level 8.3 Axes
 + Level 6.9 Armour
 + Level 2.4 Dodging
 + Level 0.1 Stealth
 + Level 5.6 Shields
 + Level 0.1 Evocations


You had 7 spell levels left.
You didn't know any spells.
Your spell library contained the following spells:

 Spells                   Type           Power      Damage    Failure   Level
 Beastly Appendage        Tmut           0%         N/A       100%        1
 Foxfire                  Conj/Fire      0%         2x1d4     100%        1
 Shock                    Conj/Air       0%         1d3       100%        1


Dungeon Overview and Level Annotations

Branches:
Dungeon (5/15)             Temple (1/1) D:4

Altars:
Ashenzari
Dithmenos
Elyvilon
Hepliaklqana
Kikubaaqudgha
Makhleb
Okawaru
Qazlal
Ru
Sif Muna
Trog
Uskayaw
Vehumet
Wu Jian
Xom
Yredelemnul


Innate Abilities, Weirdness & Mutations

You have a pair of horns on your head.
You reflexively headbutt those who attack you in melee.


Message History

The hornet stings you but does no damage.
The hornet stings you!
You feel as though you will be slow longer.
The hornet misses you.
You are too injured to fight recklessly!
You are too injured to fight recklessly!
You are too injured to fight recklessly!
You are too injured to fight recklessly!
You are too injured to fight recklessly!
You are too injured to fight recklessly!
You are too injured to fight recklessly!
You are too injured to fight recklessly!
You are too injured to fight recklessly!
You are too injured to fight recklessly!
You are too injured to fight recklessly!
You are too injured to fight recklessly!
You are too injured to fight recklessly!
You are too injured to fight recklessly!
You are too injured to fight recklessly!
You are too injured to fight recklessly!
You are too injured to fight recklessly!
You are too injured to fight recklessly!
You are too injured to fight recklessly!
You barely miss the hornet. Your headbutt misses the hornet.
You feel yourself speed up. The hornet closely misses you.
The hornet stings you.
You are poisoned.
You feel yourself slow down.
You barely miss the hornet. Your headbutt misses the hornet.
You feel very sick. The hornet barely misses you. The hornet stings you.
* * * LOW HITPOINT WARNING * * *
You are more poisoned.
You feel as though you will be slow longer.
The hornet stings you!
* * * LOW HITPOINT WARNING * * *
You are more poisoned.
You feel as though you will be slow longer.
You closely miss the hornet. Your headbutt misses the hornet.
You die...

♣...♣♣..♣
♣♣♣....♣♣ ♣♣♣♣
♣♣.♣♣♣ ..!♣
♣♣♣.♣ ?..
♣..♣♣ ♣ ..♣♣♣
♣.♣♣ ♣♣ .l.
♣.♣♣ ♣♣♣♣. ♣y♣
♣♣†♣♣♣♣....
♣@♣♣
♣♣.....♣♣♣
♣♣.♣♣♣
♣♣♣♣...♣
♣♣..♣♣♣
♣♣...♣♣
♣♣♣..♣♣♣
♣......
♣♣♣..♣♣♣..♣♣♣♣
♣♣♣....♣♣
♣♣♣♣♣♣


You could see a hornet and an iguana.

Vanquished Creatures
  Grinder (D:5)
  An ogre (D:4)
  A centaur (D:4)
  3 scorpions
  4 crimson imps (D:4)
  2 jellies (D:4)
  Ijyb (D:3)
  Natasha (thrice) (D:2)
  Terence (D:3)
  5 iguanas (D:5)
  An orc wizard (D:4)
  4 gnolls (D:2)
  5 adders
  7 worms
  2 dart slugs
  7 orcs
  8 endoplasms
  5 giant cockroaches
  4 goblins
  7 hobgoblins
  9 kobolds
  7 quokkas
  15 ball pythons
  4 bats
  4 frilled lizards
  7 rats
118 creatures vanquished.

Vanquished Creatures (others)
  2 plants (D:1)
  4 toadstools (D:1)
6 creatures vanquished.

Grand Total: 124 creatures vanquished

Notes
Turn   | Place    | Note
-------+----------+-------------------------------------------
     0 | D:1      | GigaChad the Minotaur Fighter began the quest for the Orb.
     0 | D:1      | Reached XP level 1. HP: 19/19 MP: 0/0
   377 | D:1      | Reached XP level 2. HP: 27/27 MP: 1/1
   933 | D:2      | Reached skill level 3 in Axes
   950 | D:2      | Reached XP level 3. HP: 33/33 MP: 2/2
  1435 | D:2      | Reached XP level 4. HP: 37/40 MP: 3/3
  1461 | D:2      | Found an ornate altar of the Wu Jian Council.
  1473 | D:2      | Noticed Natasha
  1478 | D:2      | Killed Natasha
  1554 | D:2      | Reached skill level 4 in Axes
  1623 | D:2      | Noticed Natasha
  1629 | D:2      | Killed Natasha
  1630 | D:2      | Reached skill level 5 in Armour
  1764 | D:2      | Noticed Natasha
  1770 | D:2      | Killed Natasha
  1771 | D:2      | Reached skill level 1 in Dodging
  1771 | D:2      | Reached XP level 5. HP: 34/46 MP: 4/4
  2053 | D:2      | Found a faded altar of an unknown god.
  2079 | D:2      | Prayed at the altar of an unknown god.
  2079 | D:2      | Became a worshipper of Qazlal Stormbringer
  2079 | D:2      | Reached * piety under Qazlal
  2347 | D:3      | Noticed Terence
  2355 | D:3      | Killed Terence
  2362 | D:3      | Noticed Ijyb
  2377 | D:3      | Killed Ijyb
  2432 | D:3      | Reached skill level 5 in Axes
  2498 | D:3      | Noticed a black bear
  2904 | D:3      | Reached XP level 6. HP: 52/52 MP: 5/5
  3037 | D:3      | Found a stormy altar of Qazlal.
  3192 | D:4      | Found a shimmering altar of Xom.
  3216 | D:4      | Reached ** piety under Qazlal
  3217 | D:4      | Reached skill level 6 in Axes
  3273 | D:4      | Reached XP level 7. HP: 60/60 MP: 6/6
  3326 | D:4      | Found a staircase to the Ecumenical Temple.
  3339 | Temple   | Entered the Ecumenical Temple
  3353 | D:4      | Reached skill level 7 in Axes
  3486 | D:4      | Reached skill level 5 in Shields
  3684 | D:4      | Found a burning altar of Makhleb.
  3931 | D:4      | Found a shimmering blue altar of Sif Muna.
  3940 | D:4      | Got Sif Muna's Exposition on Bolts
  3942 | D:4      | Got Sif Muna's Precepts of the Wind
  3945 | D:4      | Got Sif Muna's Enchiridion on Evolution
  4088 | D:5      | Entered Level 5 of the Dungeon
  4129 | D:5      | Noticed Grinder
  4131 | D:5      | Paralysed by Grinder for 3 turns
  4138 | D:5      | Paralysed by Grinder for 5 turns
  4144 | D:5      | Killed Grinder
  4145 | D:5      | Reached skill level 8 in Axes
  4145 | D:5      | Reached XP level 8. HP: 28/67 MP: 7/7
  4257 | D:5      | Reached *** piety under Qazlal
  4391 | D:5      | Noticed a hornet
  4396 | D:5      | Paralysed by a hornet for 2 turns
  4406 | D:5      | Succumbed to a hornet's poison

Illustrated notes

Levels and vault maps discovered:
D:1:      ldierk_walled_garden_2, layout_loops_ring, serial_forest,
          infiniplex_forest_lined_room_3, infiniplex_forest_lined_3,
          infiniplex_forest_lined_2, infiniplex_forest_clump_medium,
          infiniplex_forest_clump_small
D:2:      layout_loops_ring, basic_altar, dreamdust_ecumenical_altar_statues,
          uniq_natasha
D:3:      layout_basic, lemuel_coloured_pillars_altar, supply_closet_lemuel,
          nicolae_wormholes, uniq_ijyb, uniq_terence
D:4:      layout_basic, led_xom_imps, mainiacjoe_overflow_paths,
          nicolae_sif_muna_little_library, minmay_temple_entry_glassed_door,
          serial_park_tiny_pond, eino_small_chamber_without_monster,
          nzn_random_ring
D:5:      kb_forest_paths, layout_basic, lemuel_doored_altar, uniq_grinder
Temple:   nicolae_temple_no_exploring_needed

Skill      XL: |  1  2  3  4  5  6  7 |
---------------+----------------------+-----
Armour         | 4 5 6 |  6.9
Fighting       | 4 |  4.9
Axes           | 3 4 5 6 8 |  8.3
Dodging        | 1 2 |  2.4
Shields        | 4 5 |  5.6
Stealth        | |  0.1
Evocations     | |  0.1

Action                   |  1- 3 |  4- 6 |  7- 9 || total
-------------------------+-------+-------+-------++-------
Melee: War axe           |    51 |   121 |    90 ||   262
       Headbutt          |     4 |    21 |    17 ||    42
Throw: Javelin           |     4 |     1 |       ||     5
Evoke: Wand              |       |       |     2 ||     2
Armor: Scale mail        |    31 |     6 |       ||    37
       Plate armour      |       |    64 |    42 ||   106
Dodge: Dodged            |    53 |    46 |    29 ||   128
Block: Buckler           |    19 |    37 |    47 ||   103
